AoeStats
← chenya_ko

Arabia

509517653Analyzed
1v1 RM · 6d ago on Sep 27, 2026· 61m 33s· 2 players
Game mode
Random Map
Map size
Tiny (2 player)
Population
200
Speed
Normal
Resources
Standard
Victory
Conquest
Starting age
Dark Age
Ending age
Imperial Age
RankedLock teamsTeams togetherTeam positionsShared explorationLock speedFull tech treeHidden civsTurbo modeCheats
Victory
Defeat
🇹🇼 Japanese · Taiwan
1110
+15
🇨🇦 Hindustanis · Canada
1088
-15
CanadianBacon
7:02 Loom
9:46 Feudal Age
10:26 Double-Bit Axe
15:37 Horse Collar
22:14 Fletching
27:42 Castle Age
26:33 Wheelbarrow
26:52 Gold Mining
26:52 Stone Mining
27:30 Padded Archer Armor
27:48 Crossbowman
29:53 Bodkin Arrow
30:15 Leather Archer Armor
32:33 Forging
33:19 Scale Mail Armor
34:14 Thumb Ring
38:59 Iron Casting
47:52 Imperial Age
51:07 Hoardings
52:48 Elite Ghulam
58:14 Chain Mail Armor
59:12 Blast Furnace
chenya_ko
2:06 Loom
9:59 Feudal Age
10:15 Man-at-Arms
13:18 Fletching
15:17 Double-Bit Axe
18:38 Wheelbarrow
24:01 Castle Age
22:21 Padded Archer Armor
22:16 Gold Mining
22:18 Horse Collar
23:01 Arson
23:20 Scale Mail Armor
23:30 Forging
24:20 Elite Skirmisher
24:38 Long Swordsman
25:04 Gambesons
25:20 Squires
25:36 Bodkin Arrow
28:02 Chain Mail Armor
27:54 Stone Mining
29:01 Leather Archer Armor
30:28 Gold Shaft Mining
30:07 Bow Saw
30:47 Heavy Plow
31:51 Iron Casting
33:29 Town Watch
34:50 Ballistics
37:06 Hand Cart
42:45 Imperial Age
43:09 Two-Handed Swordsman
44:22 Plate Mail Armor
45:48 Masonry
48:42 Champion
51:22 Blast Furnace
51:31 Murder Holes
55:06 Chemistry
57:36 Bracer
58:07 Ring Archer Armor
Connection lost

Rejoining the realm…

Still unreachable

The connection could not be restored.

Session expired

The server has moved on; the page needs a fresh start.